| TOP OF THE 1ST |
|
Sioux Falls Packers batting - Pitching for Huron Cubs : RHP Charles Hudson
|
|
Pitching: RHP Charles Hudson
|
|
|
Batting: LHB Reggie West
|
0-0: Swinging Strike 0-1: Ball 1-1: Swinging Strike 1-2: Foul Ball, location: 2F 1-2: Strikes out swinging
|
|
Batting: RHB Javier Flores
|
0-0: Ball 1-0: SINGLE (Line Drive, 8RS, EV 99.4 MPH)
|
|
Batting: RHB Gregory Norman
|
0-0: Ball 1-0: Swinging Strike 1-1: Called Strike 1-2: Ball 2-2: Foul Ball, location: 2F 2-2: Ball 3-2: Foul Ball, location: 2F 3-2: SINGLE (Groundball, 6MD, EV 110.0 MPH) Javier Flores to second
|
|
Batting: RHB Bill Lindsey
|
0-0: SINGLE (Groundball, 6M, EV 102.5 MPH) Javier Flores to third Gregory Norman to second Runner from 3rd tries for Home, SAFE, throw by CF to home
|
|
Batting: LHB Randy Salava
|
0-0: Ball 1-0: Ball 2-0: Foul Ball, location: 2F 2-1: Called Strike 2-2: Fly out, F6 (Popup, 6, EV 60.0 MPH)
|
|
Batting: RHB Danny Huffstickler
|
0-0: Ball 1-0: Called Strike 1-1: Ball 2-1: Called Strike 2-2: Ball Wild Pitch! Gregory Norman to third Bill Lindsey to second 3-2: Ground out 3-1 (Groundball, 34, EV 106.9 MPH)
|
| Top of the 1st over - 1 run, 3 hits, 0 errors, 2 left on base; Sioux Falls 1 - Huron 0 |
| BOTTOM OF THE 1ST |
|
Huron Cubs batting - Pitching for Sioux Falls Packers : RHP Moises Rangel
|
|
Pitching: RHP Moises Rangel
|
|
|
Batting: SHB Keith Smith
|
0-0: Ball 1-0: Ball 2-0: Ball 3-0: Base on Balls
|
|
Batting: RHB Mike Stellern
|
0-0: Ball 1-0: Ball 2-0: Called Strike 2-1: Foul Ball, location: 2F 2-2: Strikes out swinging
|
|
Batting: RHB Mark Carreon
|
0-0: Ball 1-0: Grounds into double play, 6-4-3 (Groundball, 6, EV 81.3 MPH)
|
| Bottom of the 1st over - 0 runs, 0 hits, 0 errors, 0 left on base; Sioux Falls 1 - Huron 0 |
| TOP OF THE 2ND |
|
Sioux Falls Packers batting - Pitching for Huron Cubs : RHP Charles Hudson
|
|
Batting: LHB Michael Robbins
|
0-0: Ball 1-0: Called Strike 1-1: Foul Ball, location: 2F 1-2: Strikes out swinging
|
|
Batting: SHB Gary Springer
|
0-0: Foul Ball, location: 2F 0-1: Ball 1-1: Called Strike 1-2: Strikes out swinging
|
|
Batting: RHB Francisco Perez
|
0-0: Swinging Strike 0-1: Fly out, F7 (Line Drive, 7, EV 93.8 MPH)
|
| Top of the 2nd over - 0 runs, 0 hits, 0 errors, 0 left on base; Sioux Falls 1 - Huron 0 |
| BOTTOM OF THE 2ND |
|
Huron Cubs batting - Pitching for Sioux Falls Packers : RHP Moises Rangel
|
|
Batting: RHB John Alvarez
|
0-0: Swinging Strike 0-1: Foul Ball, location: 2F 0-2: Fly out, F7 (Flyball, 7, EV 90.0 MPH)
|
|
Batting: RHB Greg Zunino
|
0-0: Called Strike 0-1: Foul Ball, location: 2F 0-2: Ball 1-2: Strikes out swinging
|
|
Batting: RHB Ray Ortega
|
0-0: Called Strike 0-1: Called Strike 0-2: Foul Ball, location: 2F 0-2: Foul Ball, location: 2F 0-2: Ball 1-2: Foul Ball, location: 2F 1-2: Strikes out looking
|
| Bottom of the 2nd over - 0 runs, 0 hits, 0 errors, 0 left on base; Sioux Falls 1 - Huron 0 |
| TOP OF THE 3RD |
|
Sioux Falls Packers batting - Pitching for Huron Cubs : RHP Charles Hudson
|
|
Batting: LHB Reggie West
|
0-0: Ball 1-0: Ball 2-0: Ground out 4-3 (Groundball, 4, EV 88.1 MPH)
|
|
Batting: RHB Javier Flores
|
0-0: Foul Ball, location: 2F 0-1: Called Strike 0-2: Ball 1-2: Strikes out swinging
|
|
Batting: RHB Gregory Norman
|
0-0: Foul Ball, location: 2F 0-1: Ball 1-1: Foul Ball, location: 2F 1-2: Ground out U3 (Groundball, 34, EV 91.9 MPH)
|
| Top of the 3rd over - 0 runs, 0 hits, 0 errors, 0 left on base; Sioux Falls 1 - Huron 0 |
| BOTTOM OF THE 3RD |
|
Huron Cubs batting - Pitching for Sioux Falls Packers : RHP Moises Rangel
|
|
Batting: RHB John Ackley
|
0-0: SINGLE (Groundball, 56, EV 106.3 MPH) (infield hit)
|
|
Batting: LHB Willis Gonzalez
|
0-0: Ball 1-0: Ball 2-0: Ball 3-0: Swinging Strike 3-1: Foul Ball, location: 2F 3-2: Base on Balls John Ackley to second
|
|
Batting: SHB Chris Pittaro
|
0-0: Ball 1-0: Called Strike 1-1: Foul Ball, location: 2F 1-2: Ball 2-2: Foul Ball, location: 2F 2-2: SINGLE (Groundball, 4MD, EV 100.6 MPH) John Ackley to third Willis Gonzalez to second
|
|
Batting: SHB Keith Smith
|
0-0: Called Strike 0-1: Swinging Strike 0-2: DOUBLE (Line Drive, 9LD, EV 106.9 MPH) John Ackley scores Willis Gonzalez scores Chris Pittaro to third
|
|
Batting: RHB Mike Stellern
|
0-0: SINGLE (Flyball, 8RS, EV 85.0 MPH) Chris Pittaro scores Keith Smith to third
|
|
Batting: RHB Mark Carreon
|
0-0: Ball 1-0: Ball 2-0: Fly out, F9 (Line Drive, 9, EV 98.1 MPH) Runner from 3rd tags up, OUT at HOME! 9-2 Mike Stellern to second
|
|
Batting: RHB John Alvarez
|
0-0: Called Strike 0-1: Ball Wild Pitch! Mike Stellern to third 1-1: Swinging Strike 1-2: Ground out 1-3 (Groundball, P, EV 68.1 MPH)
|
| Bottom of the 3rd over - 3 runs, 4 hits, 0 errors, 1 left on base; Sioux Falls 1 - Huron 3 |
| TOP OF THE 4TH |
|
Sioux Falls Packers batting - Pitching for Huron Cubs : RHP Charles Hudson
|
|
Batting: RHB Bill Lindsey
|
0-0: Swinging Strike 0-1: Ball 1-1: Ball 2-1: Ground out 5-3 (Groundball, 56, EV 83.1 MPH)
|
|
Batting: LHB Randy Salava
|
0-0: Called Strike 0-1: Swinging Strike 0-2: Ball 1-2: Ball 2-2: Ground out 6-3 (Groundball, 6, EV 88.8 MPH)
|
|
Batting: RHB Danny Huffstickler
|
0-0: Ball 1-0: Called Strike 1-1: Foul Ball, location: 2F 1-2: Fly out, F8 (Flyball, 78M, EV 85.6 MPH)
|
| Top of the 4th over - 0 runs, 0 hits, 0 errors, 0 left on base; Sioux Falls 1 - Huron 3 |
| BOTTOM OF THE 4TH |
|
Huron Cubs batting - Pitching for Sioux Falls Packers : RHP Moises Rangel
|
|
Batting: RHB Greg Zunino
|
0-0: Called Strike 0-1: Swinging Strike 0-2: Foul Ball, location: 2F 0-2: Fly out, F9 (Flyball, 9D, EV 106.3 MPH)
|
|
Batting: RHB Ray Ortega
|
0-0: Ball 1-0: Called Strike 1-1: Ball 2-1: Foul Ball, location: 2F 2-2: Foul Ball, location: 2F 2-2: Ball 3-2: Foul Ball, location: 2F 3-2: Base on Balls
|
|
Batting: RHB John Ackley
|
0-0: Ball 1-0: SINGLE (Groundball, 6MD, EV 99.4 MPH) Ray Ortega to second
|
|
Batting: LHB Willis Gonzalez
|
0-0: Called Strike 0-1: Foul Ball, location: 2F 0-2: Ball 1-2: Ball 2-2: Ball 3-2: Foul Ball, location: 2F 3-2: Foul Ball, location: 2F 3-2: Strikes out looking
|
|
Batting: SHB Chris Pittaro
|
0-0: Ball Wild Pitch! Ray Ortega to third John Ackley to second 1-0: Single, Error in OF, E8, batter to second base (Line Drive, 4M, EV 97.5 MPH) Ray Ortega scores John Ackley scores
|
|
Batting: SHB Keith Smith
|
0-0: Ball 1-0: Called Strike 1-1: Ball 2-1: SINGLE (Flyball, 3D, EV 94.4 MPH) Chris Pittaro to third Runner from 3rd tries for Home, SAFE, throw by RF to home
|
|
Pitching: RHP Douglas Thomson
|
|
|
Batting: RHB Mike Stellern
|
0-0: Called Strike 0-1: Ball 1-1: Called Strike 1-2: Strikes out swinging
|
| Bottom of the 4th over - 3 runs, 3 hits, 1 error, 1 left on base; Sioux Falls 1 - Huron 6 |
| TOP OF THE 5TH |
|
Sioux Falls Packers batting - Pitching for Huron Cubs : RHP Charles Hudson
|
|
Batting: LHB Michael Robbins
|
0-0: Called Strike 0-1: Ball 1-1: Ball 2-1: Ball 3-1: Base on Balls
|
|
Batting: SHB Gary Springer
|
0-0: Ball 1-0: Foul Ball, location: 2F 1-1: Ball 2-1: Foul Ball, location: 2F 2-2: Fly out, F4 (Popup, 4MD, EV 58.1 MPH)
|
|
Batting: RHB Francisco Perez
|
0-0: Called Strike 0-1: DOUBLE (Groundball, 5L, EV 111.3 MPH) Michael Robbins to third
|
|
Batting: LHB Reggie West
|
0-0: Ball 1-0: SINGLE (Line Drive, 9S, EV 91.3 MPH) Michael Robbins scores Francisco Perez to third
|
|
Batting: RHB Javier Flores
|
0-0: Fielders Choice at 2nd, 6-4 (Groundball, 6, EV 88.8 MPH) Francisco Perez scores
|
|
Batting: RHB Gregory Norman
|
Pickoff Throw to First - Out! 1-3
|
| Top of the 5th over - 2 runs, 2 hits, 0 errors, 0 left on base; Sioux Falls 3 - Huron 6 |
| BOTTOM OF THE 5TH |
|
Huron Cubs batting - Pitching for Sioux Falls Packers : RHP Douglas Thomson
|
|
Batting: RHB Mark Carreon
|
0-0: Ball 1-0: Ball 2-0: Ball 3-0: Swinging Strike 3-1: Foul Ball, location: 2F 3-2: Foul Ball, location: 2F 3-2: Base on Balls
|
|
Batting: RHB John Alvarez
|
0-0: Ball 1-0: Ball 2-0: Called Strike 2-1: Ball 3-1: Base on Balls Mark Carreon to second
|
|
Batting: RHB Greg Zunino
|
0-0: Called Strike John Alvarez is caught stealing 2nd base 2-4 Mark Carreon steals 3rd base 0-1: Ball 1-1: Swinging Strike 1-2: Foul Ball, location: 2F 1-2: Ball 2-2: Ball 3-2: Foul Ball, location: 2F 3-2: Fly out, F6 (Popup, 6MS, EV 73.8 MPH)
|
|
Batting: RHB Ray Ortega
|
0-0: Called Strike 0-1: SINGLE (Line Drive, 78S, EV 91.9 MPH) Mark Carreon scores
|
|
Batting: RHB John Ackley
|
0-0: Ball 1-0: Called Strike 1-1: Fly out, F8 (Flyball, 8LS, EV 78.1 MPH)
|
| Bottom of the 5th over - 1 run, 1 hit, 0 errors, 1 left on base; Sioux Falls 3 - Huron 7 |
| TOP OF THE 6TH |
|
Sioux Falls Packers batting - Pitching for Huron Cubs : RHP Charles Hudson
|
|
Batting: RHB Gregory Norman
|
0-0: DOUBLE (Flyball, 8LXD, EV 90.0 MPH)
|
|
Batting: RHB Bill Lindsey
|
0-0: Foul Ball, location: 2F 0-1: Ground out 6-3 (Groundball, 6, EV 82.5 MPH)
|
|
Batting: LHB Randy Salava
|
0-0: Ball 1-0: Ball 2-0: Foul Ball, location: 2F 2-1: Ball 3-1: Fly out, F7 (Line Drive, 7, EV 85.0 MPH)
|
|
Batting: RHB Danny Huffstickler
|
0-0: Swinging Strike 0-1: Ball 1-1: Ball 2-1: Swinging Strike 2-2: Foul Ball, location: 2F 2-2: Strikes out swinging
|
| Top of the 6th over - 0 runs, 1 hit, 0 errors, 1 left on base; Sioux Falls 3 - Huron 7 |
| BOTTOM OF THE 6TH |
|
Huron Cubs batting - Pitching for Sioux Falls Packers : RHP Douglas Thomson
|
|
Batting: LHB Willis Gonzalez
|
0-0: Ball 1-0: Called Strike 1-1: Ground out 4-3 (Groundball, 4, EV 83.8 MPH)
|
|
Batting: SHB Chris Pittaro
|
0-0: Ball 1-0: Ground out 4-3 (Groundball, 4, EV 83.1 MPH)
|
|
Batting: SHB Keith Smith
|
0-0: Ball 1-0: Ball 2-0: Ball 3-0: Called Strike 3-1: Base on Balls
|
|
Batting: RHB Mike Stellern
|
0-0: Ball 1-0: Fielders Choice at 2nd, 5-4 (Groundball, 5L, EV 90.0 MPH)
|
| Bottom of the 6th over - 0 runs, 0 hits, 0 errors, 1 left on base; Sioux Falls 3 - Huron 7 |
| TOP OF THE 7TH |
|
Sioux Falls Packers batting - Pitching for Huron Cubs : RHP Charles Hudson
|
|
Batting: LHB Michael Robbins
|
0-0: Ground out 6-3 (Groundball, 6MS, EV 70.6 MPH)
|
|
Batting: SHB Gary Springer
|
0-0: Ball 1-0: DOUBLE (Line Drive, 9LM, EV 112.5 MPH)
|
|
Batting: RHB Francisco Perez
|
0-0: Swinging Strike 0-1: Ground out U3 (Groundball, 34, EV 98.8 MPH) Gary Springer to third
|
|
Batting: LHB Reggie West
|
0-0: Ball 1-0: Called Strike 1-1: Ball 2-1: Fly out, F4 (Line Drive, 4, EV 73.8 MPH)
|
| Top of the 7th over - 0 runs, 1 hit, 0 errors, 1 left on base; Sioux Falls 3 - Huron 7 |
| BOTTOM OF THE 7TH |
|
Huron Cubs batting - Pitching for Sioux Falls Packers : RHP Douglas Thomson
|
|
Batting: RHB Mark Carreon
|
0-0: Ball 1-0: Called Strike 1-1: DOUBLE (Flyball, 8RXD, EV 107.5 MPH)
|
|
Batting: RHB John Alvarez
|
0-0: Ball 1-0: Called Strike 1-1: Ball 2-1: Ball 3-1: Swinging Strike 3-2: Foul Ball, location: 2F 3-2: Ground out 1-3 (Groundball, 13, EV 69.4 MPH) Mark Carreon to third
|
|
Batting: RHB Greg Zunino
|
0-0: Foul Ball, location: 2F 0-1: Ball 1-1: Ball Wild Pitch! Mark Carreon scores 2-1: DOUBLE (Line Drive, 8RXD, EV 99.4 MPH)
|
|
Batting: RHB Ray Ortega
|
0-0: Swinging Strike 0-1: Ball 1-1: Swinging Strike 1-2: Ball 2-2: Strikes out swinging
|
|
Batting: RHB John Ackley
|
0-0: Ball 1-0: Ball 2-0: Ball 3-0: Foul Ball, location: 2F 3-1: Swinging Strike 3-2: Foul Ball, location: 2F 3-2: Foul Ball, location: 2F 3-2: Fly out, F9 (Flyball, 9LM, EV 85.6 MPH)
|
| Bottom of the 7th over - 1 run, 2 hits, 0 errors, 1 left on base; Sioux Falls 3 - Huron 8 |
| TOP OF THE 8TH |
|
Sioux Falls Packers batting - Pitching for Huron Cubs : RHP Charles Hudson
|
|
Batting: RHB Javier Flores
|
0-0: Called Strike 0-1: Ball 1-1: Ball 2-1: Ball 3-1: SINGLE (Line Drive, 89S, EV 88.8 MPH)
|
|
Batting: RHB Gregory Norman
|
0-0: Ball 1-0: Ball 2-0: Ball 3-0: Called Strike 3-1: SINGLE (Flyball, 5D, EV 91.9 MPH) Javier Flores to second
|
|
Batting: RHB Bill Lindsey
|
0-0: Called Strike 0-1: Ball 1-1: Swinging Strike 1-2: Foul Ball, location: 2F 1-2: Fly out, F8 (Line Drive, 8LM, EV 91.3 MPH)
|
|
Batting: LHB Randy Salava
|
0-0: Ball 1-0: TRIPLE (Line Drive, 89XD, EV 104.4 MPH) Javier Flores scores Gregory Norman scores
|
|
Batting: RHB Danny Huffstickler
|
0-0: Swinging Strike 0-1: Ball 1-1: Foul Ball, location: 2F 1-2: Foul Ball, location: 2F 1-2: Foul Ball, location: 2F 1-2: Ball 2-2: Foul Ball, location: 2F 2-2: Ball 3-2: Base on Balls
|
|
Pitching: LHP Jose Soto
|
|
|
Batting: LHB Michael Robbins
|
0-0: Ball 1-0: Called Strike 1-1: Ball 2-1: Ball 3-1: Foul Ball, location: 2F 3-2: Fly out, F8 (Flyball, 8RXD, EV 104.4 MPH) Runner from 3rd tags up, SCORES, no throw by CF
|
|
Batting: SHB Gary Springer
|
0-0: Swinging Strike 0-1: Ball 1-1: Foul Ball, location: 2F 1-2: Ball 2-2: Strikes out swinging
|
| Top of the 8th over - 3 runs, 3 hits, 0 errors, 1 left on base; Sioux Falls 6 - Huron 8 |
| BOTTOM OF THE 8TH |
|
Huron Cubs batting - Pitching for Sioux Falls Packers : RHP Douglas Thomson
|
|
Batting: LHB Willis Gonzalez
|
0-0: Called Strike 0-1: Fly out, F5 (Popup, 5SF, EV 83.1 MPH)
|
|
Batting: SHB Chris Pittaro
|
0-0: Ball 1-0: Ball 2-0: Fly out, F8 (Flyball, 8LXD, EV 86.9 MPH)
|
|
Batting: SHB Keith Smith
|
0-0: Ball 1-0: Ground out U3 (Groundball, 34, EV 90.6 MPH)
|
| Bottom of the 8th over - 0 runs, 0 hits, 0 errors, 0 left on base; Sioux Falls 6 - Huron 8 |
| TOP OF THE 9TH |
|
Sioux Falls Packers batting - Pitching for Huron Cubs : LHP Jose Soto
|
|
Batting: RHB Francisco Perez
|
0-0: Ball 1-0: Called Strike 1-1: Ball 2-1: Foul Ball, location: 2F 2-2: Strikes out swinging
|
|
Batting: LHB Reggie West
|
0-0: Called Strike 0-1: Foul Ball, location: 2F 0-2: Foul Ball, location: 2F 0-2: Ground out 4-3 (Groundball, 4, EV 84.4 MPH)
|
|
Batting: RHB Javier Flores
|
0-0: Ground out 5-3 (Groundball, 56, EV 86.9 MPH)
|
| Top of the 9th over - 0 runs, 0 hits, 0 errors, 0 left on base; Sioux Falls 6 - Huron 8 |
|